Map: Darkness Sanctuary LE

Players

Isszul - Winner!

  • Race: Zerg Zerg
  • Spawn Location: 11:00

CuervoRojo

  • Race: Protoss Protoss
  • League: Diamond
  • Spawn Location: 5:00

VOD

Have the link to the VOD?

Description

Time

  • Played on: July 6, 2018, 9:28 a.m.
  • Length: 16:20
Show
View Real Time Build Order
Export as new Build Order

Isszul Zerg - Winner!

Build Orders: Hatch First 

Get SALT Encoding   

  12  0:01  Drone  
  13  0:12  Overlord  
  13  0:17  Drone  
  14  0:31  Drone x2  
  14  0:35  Drone  
  17  0:53  Hatchery  
  17  0:56  Drone  
  17  0:59  Drone  
  18  1:10  Extractor  
  17  1:14  Spawning Pool  
  17  1:16  Drone  
  17  1:21  Drone  
  18  1:28  Drone  
  19  1:41  Overlord  
  19  1:50  Drone  
  20  2:00  Drone  
  21  2:05  Queen  
  21  2:06  Zergling x2  
  24  2:11  Metabolic Boost  
  24  2:12  Drone  
  25  2:18  Hatchery  
  25  2:22  Drone  
  25  2:27  Drone x2  
  27  2:34  Drone  
  28  2:38  Overlord  
  28  2:42  Queen  
  30  2:45  Drone  
  30  2:49  Drone  
  32  2:57  Drone  
  33  2:59  Drone  
  33  3:04  Drone  
  35  3:16  Drone x4  
  35  3:19  Overlord  
  39  3:20  Queen  
  39  3:26  Drone x2  
  42  3:31  Zergling x2  
  42  3:32  Queen  
  45  3:35  Zergling x2  
  45  3:41  Drone  
  47  3:43  Queen  
  49  3:49  Drone x3  
  49  3:52  Zergling x8  
  49  3:55  Spore Crawler  
  55  3:56  Spore Crawler  
  55  3:57  Spore Crawler  
  55  3:58  Drone x3  
  56  4:07  Drone x2  
  58  4:14  Overlord x3  
  58  4:17  Extractor  
  58  4:18  Extractor  
  58  4:21  Overlord  
  58  4:23  Drone  
  57  4:24  Drone  
  58  4:32  Drone x5  
  58  4:33  Drone  
  58  4:35  Drone x3  
  66  4:42  Drone  
  66  4:46  Drone x2  
  66  4:51  Drone x3  
  66  4:52  Drone  
  69  5:02  Extractor, Lair  
  69  5:04  Extractor x2  
  65  5:08  Drone x3  
  65  5:09  Drone x2  
  65  5:10  Drone  
  71  5:17  Overlord x3  
  71  5:19  Drone x2  
  73  5:21  Hatchery  
  73  5:22  Drone x2  
  74  5:31  Zergling x2  
  75  5:54  Baneling Nest  
  74  5:57  Drone, Evolution Chamber x2  
  73  6:04  Zergling x6  
  73  6:05  Zergling x24  
  87  6:20  Hydralisk Den  
  87  6:22  Infestation Pit  
  87  6:25  Zerg Missile Weapons Level 1, Zerg Ground Armor Level 1  
  85  6:30  Zergling x18  
  94  6:38  Drone x8  
  102  6:47  Drone x4  
  104  6:52  Muscular Augments  
  85  7:23  Extractor  
  85  7:24  Hydralisk x3, Extractor  
  85  7:25  Hydralisk x8  
  85  7:28  Overlord x4  
  85  7:29  Overlord  
  102  7:39  Hatchery x2  
  100  7:49  Zergling x8  
  100  7:50  Zergling x24  
  116  7:55  Hive  
  116  7:59  Drone x3  
  116  8:00  Drone x4  
  116  8:03  Grooved Spines  
  123  8:16  Zergling x14  
  123  8:19  Zerg Melee Weapons Level 1  
  130  8:21  Spire  
  129  8:28  Queen  
  131  8:36  Hydralisk x6  
  131  8:38  Overlord x5  
  131  8:39  Overlord x3  
  143  9:01  Zerg Ground Armor Level 2  
  143  9:02  Hydralisk x4  
  143  9:03  Hydralisk x7  
  143  9:04  Hydralisk x6  
  143  9:07  Zergling x8  
  181  9:27  Baneling x8  
  181  9:28  Baneling x10  
  181  9:29  Zergling x22  
  192  9:34  Zergling x2  
  192  9:35  Zergling x8  
  197  9:39  Greater Spire  
  197  9:44  Spine Crawler  
  196  9:46  Spine Crawler x2  
  196  9:47  Spore Crawler  
  167  10:03  Zergling x22  
  167  10:04  Zergling x18  
  169  10:13  Zerg Missile Weapons Level 2  
  138  10:16  Zergling x16  
  138  10:17  Zergling x18  
  135  10:28  Zergling x4  
  132  10:39  Hydralisk x4  
  132  10:40  Hydralisk x5  
  150  10:44  Extractor  
  150  10:45  Drone x3, Extractor  
  150  10:46  Drone  
  150  10:48  Drone  
  130  11:13  Corruptor x6  
  130  11:14  Corruptor  
  130  11:16  Zerg Melee Weapons Level 2  
  127  11:32  Hydralisk x3  
  127  11:33  Hydralisk x7  
  127  11:34  Hydralisk  
  127  11:38  Corruptor  
  127  11:39  Corruptor  
  153  11:53  Baneling  
  145  11:55  Brood Lord x2  
  145  11:57  Brood Lord x2  
  145  12:00  Zergling x14  
  145  12:01  Zergling x2  
  161  12:12  Drone x4  
  161  12:13  Drone x2  
  161  12:14  Brood Lord  
  161  12:15  Brood Lord  
  171  12:17  Zergling x6  
  171  12:20  Baneling x2  
  171  12:21  Brood Lord  
  176  12:25  Brood Lord  
  176  12:26  Zergling x4  
  180  12:30  Baneling x2  
  180  12:32  Brood Lord  
  180  12:35  Baneling x2  
  180  12:36  Zergling x8  
  186  12:48  Baneling  
  186  12:49  Baneling x12  
  186  12:50  Baneling  
  185  12:59  Corruptor x2  
  180  13:32  Zergling x14  
  180  13:33  Zergling x32  
  194  13:41  Lurker Den  
  189  13:59  Zergling x22  
  189  14:01  Overseer  
  200  14:03  Overlord, Pneumatized Carapace  
  200  14:04  Burrow  
  163  14:30  Zergling x22  
  162  14:32  Hydralisk x4  
  162  14:33  Hydralisk x8  
  162  14:34  Hydralisk x2  
  162  14:37  Hydralisk  
  162  14:38  Hydralisk x5  
  175  14:48  Hydralisk x3  
  175  14:49  Hydralisk x5  
  166  15:05  Corruptor x6  
  166  15:06  Corruptor  
  171  15:24  Overseer  
  171  15:26  Baneling x2  
  171  15:27  Baneling x2  
  171  15:38  Baneling  
  171  15:39  Baneling x17  
  171  15:40  Corruptor x2  
  175  15:43  Corruptor  
  179  15:57  Hatchery  
Show
View Real Time Build Order
Export as new Build Order

CuervoRojo Protoss 

Build Orders: Phoenix Opening 

Get SALT Encoding   

  12  0:02  Probe  
  13  0:16  Probe  
  14  0:24  Pylon  
  14  0:28  Probe  
  15  0:40  Probe  
  16  0:45  Gateway  
  16  0:48  Probe  
  16  0:52  Assimilator  
  16  0:56  Probe  
  18  1:09  Probe  
  19  1:21  Probe  
  20  1:34  Probe  
  21  1:46  Nexus  
  21  1:49  Cybernetics Core  
  21  1:51  Probe  
  22  1:56  Pylon  
  22  2:00  Assimilator  
  22  2:03  Probe  
  23  2:15  Probe  
  24  2:22  Adept  
  24  2:27  Probe  
  25  2:31  Warp Gate  
  27  2:39  Probe, Gateway  
  28  2:50  Adept, Pylon  
  28  2:51  Probe  
  28  2:53  Stargate  
  31  3:03  Probe  
  32  3:11  Probe  
  33  3:15  Probe  
  34  3:23  Probe  
  36  3:27  Probe  
  36  3:29  Phoenix  
  36  3:35  Adept  
  36  3:36  Adept  
  36  3:38  Probe  
  43  3:44  Probe  
  44  3:50  Probe  
  45  3:56  Probe  
  45  4:00  Pylon  
  46  4:03  Probe  
  46  4:08  Probe  
  46  4:15  Probe  
  47  4:20  Probe  
  47  4:27  Probe  
  48  4:31  Nexus  
  48  4:32  Probe  
  48  4:33  Pylon  
  49  4:39  Probe  
  49  4:44  Probe  
  51  4:48  Adept  
  51  4:49  Adept  
  51  4:53  Probe  
  51  4:56  Probe  
  51  4:58  Assimilator  
  52  5:02  Assimilator  
  52  5:04  Robotics Facility  
  52  5:05  Probe  
  53  5:09  Probe  
  54  5:16  Twilight Council, Forge  
  54  5:17  Probe  
  54  5:19  Gateway  
  54  5:21  Probe  
  56  5:23  Nexus  
  56  5:25  Pylon  
  56  5:28  Sentry x2  
  60  5:29  Probe  
  60  5:31  Oracle  
  60  5:33  Probe, Protoss Ground Weapons Level 1  
  65  5:41  Probe  
  66  5:43  Charge  
  66  5:45  Probe  
  66  5:49  Shield Battery  
  67  5:53  Probe  
  68  5:57  Probe  
  68  5:59  Templar Archives  
  69  6:06  Gateway x2  
  69  6:08  Gateway  
  69  6:09  Probe x2  
  71  6:12  Immortal  
  71  6:13  Zealot  
  73  6:24  Probe  
  78  6:26  Psionic Storm  
  78  6:31  Pylon  
  78  6:34  Probe  
  78  6:36  Probe, Pylon  
  80  6:43  Pylon  
  80  6:44  Probe  
  80  6:46  Probe  
  82  6:48  Probe  
  82  6:49  Assimilator  
  82  6:53  Assimilator  
  83  6:56  Probe  
  83  6:57  Shield Battery  
  83  6:58  Probe  
  83  6:59  Zealot  
  83  7:00  Zealot x2, Probe  
  83  7:01  Protoss Ground Weapons Level 2  
  87  7:08  Probe  
  79  7:10  Probe  
  79  7:12  Probe  
  76  7:20  Probe  
  76  7:22  Zealot x2, Gateway  
  79  7:23  Probe, Gateway  
  79  7:27  Probe  
  81  7:32  Probe  
  81  7:33  Immortal  
  81  7:34  Gateway  
  81  7:35  Probe  
  83  7:39  Probe  
  88  7:52  Probe x3  
  91  8:03  Immortal  
  91  8:04  Probe x3  
  98  8:15  High Templar x5  
  98  8:16  Probe  
  109  8:35  Pylon  
  109  8:37  Pylon  
  109  8:47  Observer  
  109  8:48  Gateway  
  109  8:53  Probe x3  
  109  8:54  Pylon  
  113  8:57  Immortal  
  113  8:59  Pylon  
  113  9:08  Protoss Ground Weapons Level 3  
  117  9:10  Pylon  
  117  9:12  Nexus  
  117  9:14  Pylon  
  117  9:15  Probe x3  
  120  9:21  Pylon  
  120  9:23  Assimilator  
  120  9:25  High Templar x2  
  120  9:26  High Templar x2  
  120  9:27  Probe x3, High Templar  
  120  9:28  High Templar x2, Assimilator  
  120  9:31  Archon x2  
  137  9:32  Archon  
  137  9:33  Zealot x2, Immortal  
  145  9:39  Probe  
  137  10:10  Zealot  
  137  10:11  Zealot x6  
  137  10:12  Zealot, Observer  
  138  10:21  Probe x3  
  132  10:24  Protoss Air Weapons Level 1  
  132  10:27  Observer, Pylon  
  132  10:30  Shield Battery  
  132  10:31  Shield Battery  
  132  10:33  Probe x3  
  130  10:40  Fleet Beacon  
  130  10:45  Stargate, Probe  
  130  10:47  Stargate  
  131  10:51  Observer  
  132  10:57  Probe x3  
  132  11:02  Assimilator  
  132  11:04  Zealot x3  
  124  11:06  Zealot  
  124  11:10  Probe x4  
  112  11:12  Immortal  
  112  11:13  Zealot x2  
  112  11:14  Zealot x3  
  126  11:21  Probe x3  
  126  11:22  Probe  
  126  11:24  Graviton Catapult  
  130  11:29  Probe x2  
  130  11:30  Probe  
  130  11:34  Probe  
  130  11:37  Probe x2  
  130  11:38  Probe, Protoss Shields Level 1  
  134  11:46  Probe  
  132  12:02  Probe x2  
  132  12:03  Probe x2  
  136  12:13  Warp Prism  
  136  12:14  Probe  
  136  12:15  Probe x3  
  140  12:20  Carrier  
  140  12:22  Carrier x2  
  140  12:27  Probe x4  
  146  12:30  High Templar x3  
  170  12:46  Pylon  
  170  12:49  Observer  
  171  12:56  Pylon  
  169  13:10  Photon Cannon  
  169  13:14  Photon Cannon  
  130  13:38  Archon x2  
  130  13:39  Archon  
  125  13:46  Tempest  
  125  13:48  Tempest x2  
  124  14:11  Zealot x2  
  124  14:12  Zealot x5  
  126  14:26  High Templar x2  
  126  14:28  Probe  
  126  14:29  Probe x2, Tempest  
  116  14:37  Tempest x2  
  111  14:41  Probe x2, High Templar x3  
  111  14:42  High Templar  
  111  14:43  High Templar  
  111  14:45  Archon x2  
  109  14:53  Probe x2  
  108  15:05  Probe  
  108  15:10  Cybernetics Core  
  108  15:17  High Templar x3  
  112  15:29  High Templar  
  114  15:38  Probe  
  114  15:39  Probe  
  116  15:51  Probe x2  
  116  15:55  Nexus  
  118  16:03  Probe x2, Pylon  
Tags
 
Add a new tag
Caveats
  • Supply blocks, unpowered buildings, or Contaminate may cause inaccurate times.
  • Supply counts are checked every 10 seconds.